Sabres vs Avalanche

Created - 23 octobre 2017 at 18:04

Goals
1 2 3 T
Sabres 0 1 1 2
Avalanche 0 2 2 4
Shots
1 2 3 T
Sabres 14 13 6 33
Avalanche 12 7 9 28

1st period

No Goal

Penalties :
Justin Falk (BUF) for Tripping (Minor) at 10:49, David Backes (BUF) for Roughing (Minor) at 18:54

2nd period

1. Avalanche , Nikita Kucherov 4 (Mark Stone 2) at 3:04
2. Sabres , Kevin Hayes 2 (Kevin Shattenkirk 3, Martin Jones) at 9:15
3. Avalanche , Nikita Kucherov 5 (Mattias Ekholm 2) at 10:36

Penalties :
David Backes (BUF) for Interference (Minor) at 10:39, Adam Larsson (COL) for Holding (Minor) at 15:17

3rd period

4. Sabres , Andre Burakovsky 1 (Kevin Hayes 2) at 1:20
5. Avalanche , Adam Henrique 2 (Sean Couturier 4) at 11:01
6. Avalanche , Jaccob Slavin 1 (Sean Couturier 5, Mark Stone 3) at 13:06

Penalties :
Nikita Kucherov (COL) for Hooking (Minor) at 3:43, Justin Falk (BUF) for Goalie Interference (Minor) at 8:00, Adam Larsson (COL) for Hooking (Minor) at 8:57, Zach Hyman (BUF) for Tripping (Minor) at 14:13

Goalie Stats

Martin Jones (BUF), 24 saves from 28 shots - (0,857), L, 0-6-0, 60:00 minutes
Cory Schneider (COL), 31 saves from 33 shots - (0,939), W, 4-1-0, 60:00 minutes

Players Stats for Sabres

Player Name              G  A  P  +/- PIM S  H  SB GA TA FO     MP     PP MP  PK MP  
------------------------------------------------------------------------------------
Andre Burakovsky         1  0  1   0  0   2  2  0  1  1  0/0    14:44   0:07   1:30 
Andrew Copp              0  0  0   0  0   1  1  0  1  0  1/4    12:26   0:00   2:11 
David Backes             0  0  0  -1  4   0  2  0  1  0  1/1    15:55   2:14   0:00 
Erik Gudbranson          0  0  0   2  0   1  0  0  0  0  0/0    20:54   0:00   5:08 
Ivan Provorov            0  0  0  -3  0   1  3  4  0  1  0/0    25:43   1:52   5:08 
Jori Lehtera             0  0  0   0  0   1  4  0  0  0  0/0    10:31   0:00   0:36 
Josh Anderson            0  0  0   0  0   1  3  0  0  0  0/0    12:06   2:14   0:00 
Justin Falk              0  0  0  -1  4   3  0  1  0  0  0/0    14:40   0:06   2:32 
Kevin Hayes              1  1  2   0  0   3  1  1  0  0  5/9    16:46   2:14   2:47 
Kevin Shattenkirk        0  1  1   2  0   1  1  1  1  0  0/0    19:48   2:38   1:13 
Marcus Kruger            0  0  0   0  0   6  0  1  0  0  6/12   15:13   0:06   4:58 
Mark Streit              0  0  0  -2  0   0  2  1  0  0  0/0    15:21   2:17   0:00 
Marko Dano               0  0  0   0  0   1  1  1  0  0  1/1    10:05   0:01   0:00 
Paul Byron               0  0  0  -1  0   1  1  0  0  0  0/0    13:58   2:34   0:00 
Paul Stastny             0  0  0  -2  0   3  1  0  2  1  13/24  17:34   2:34   1:40 
Rickard Rakell           0  0  0  -2  0   4  0  0  2  0  0/0    15:42   2:34   0:00 
Roman Josi               0  0  0  -2  0   2  0  2  1  0  0/0    23:50   3:03   3:45 
Zach Hyman               0  0  0   0  2   2  2  1  0  0  2/2    14:44   0:01   4:04 

Players Stats for Avalanche

Player Name              G  A  P  +/- PIM S  H  SB GA TA FO     MP     PP MP  PK MP  
------------------------------------------------------------------------------------
Adam Henrique            1  0  1   1  0   4  1  0  0  2  12/22  19:33   4:01   1:14 
Adam Larsson             0  0  0   1  4   1  1  0  0  0  0/0    19:29   2:59   1:04 
Damon Severson           0  0  0  -1  0   0  0  0  0  0  0/0    18:22   5:53   1:45 
Jaccob Slavin            1  0  1   2  0   1  0  1  0  1  0/0    25:08   3:00   2:05 
Jakob Silfverberg        0  0  0   0  0   1  2  0  0  0  0/0    14:58   0:10   2:23 
Johnny Gaudreau          0  0  0   0  0   1  0  1  0  0  0/0    15:47   4:37   0:00 
Marcus Foligno           0  0  0   1  0   0  1  0  0  0  0/0    11:16   0:00   0:00 
Mark Giordano            0  0  0   3  0   1  0  0  0  1  0/0    24:21   5:53   0:01 
Mark Stone               0  2  2   1  0   4  0  0  0  1  0/0    15:06   3:36   0:00 
Mark Stuart              0  0  0   0  0   0  0  1  0  0  0/0    14:34   0:00   2:06 
Mattias Ekholm           0  1  1   0  0   1  2  1  0  2  0/0    18:09   0:00   2:49 
Micheal Ferland          0  0  0   0  0   0  0  0  0  0  0/0     7:23   0:00   0:00 
Nikita Kucherov          2  0  2   0  2   6  2  0  0  0  1/3    18:59   4:42   0:03 
Pavel Buchnevich         0  0  0   0  0   4  0  0  2  0  0/0    10:18   0:40   0:50 
Sam Bennett              0  0  0   0  0   1  1  1  0  0  4/6    10:16   0:03   1:22 
Sean Couturier           0  2  2   2  0   2  2  0  0  0  3/12   17:50   3:58   1:17 
Taylor Hall              0  0  0   0  0   1  0  0  0  2  0/0    17:30   4:01   0:00 
Zack Smith               0  0  0   0  0   0  5  0  1  0  4/10   15:01   0:51   2:41 

3 Stars

1 - Nikita Kucherov (COL)
2 - Sean Couturier (COL)
3 - Jaccob Slavin (COL)

Power Play

Sabres - 0 on 3 Attempt(s) - 0,00%
Avalanche - 0 on 5 Attempt(s) - 0,00%

Penalty Kill

Sabres - 5 on 5 Attempt(s) - 100,00% - Score 0 goal in Penalty Kill
Avalanche - 3 on 3 Attempt(s) - 100,00% - Score 0 goal in Penalty Kill

Team Stat

Sabres - Hits : 24 - Faceoff Wins : 29 - Blocked Shots : 13 - Penalty Minutes : 10
Avalanche - Hits : 17 - Faceoff Wins : 24 - Blocked Shots : 5 - Penalty Minutes : 6

Official

Referees : Mark Lemelin and Dean Morton
Linesman : Derek Nansen and Mark Shewchyk

Game Notes

No Game Note

Finance

Level 1 -- Attendance: 3049 (50,82%) -- Ticket Income 457 350 $
Level 2 -- Attendance: 2564 (51,28%) -- Ticket Income 230 760 $
Level 3 -- Attendance: 1132 (56,60%) -- Ticket Income 62 260 $
Level 4 -- Attendance: 1729 (43,23%) -- Ticket Income 69 160 $
Luxury Box -- Attendance: 664 (66,40%) -- Ticket Income 159 360 $
Game was played at the Pepsi Center.
Total Attendance: 9138 (50,77%)
Total Ticket Income: 978 890 $
Other Income: 479 656 $
Total Income: 1 458 546 $

Sabres

5 vs 5 Forward 
   Center                   Left Wing                Right Wing               Time % Phy DF OF 
 1 Paul Stastny             David Backes             Rickard Rakell           32     0   1  4  
 2 Kevin Hayes              Paul Byron               Andre Burakovsky         28     0   1  4  
 3 Marcus Kruger            Josh Anderson            Zach Hyman               20     1   2  2  
 4 Andrew Copp              Jori Lehtera             Marko Dano               20     1   2  2  

5 vs 5 Defense 
   Defense                  Defense                                           Time % Phy DF OF 
 1 Roman Josi               Ivan Provorov                                     39     0   3  2  
 2 Erik Gudbranson          Kevin Shattenkirk                                 34     0   3  2  
 3 Mark Streit              Justin Falk                                       27     0   3  2  
 4 Roman Josi               Ivan Provorov                                     0      0   3  2  

PowerPlay Forward 
   Center                   Left Wing                Right Wing               Time % Phy DF OF 
 1 Paul Stastny             Paul Byron               Rickard Rakell           55     0   0  5  
 2 Kevin Hayes              David Backes             Josh Anderson            45     0   0  5  

PowerPlay Defense
   Defense                  Defense                                           Time % Phy DF OF 
 1 Roman Josi               Kevin Shattenkirk                                 55     0   1  4  
 2 Ivan Provorov            Mark Streit                                       45     0   1  4  

Penalty Kill 4 Players Forward 
   Center                   Wing                     Time % Phy DF OF 
 1 Marcus Kruger            Zach Hyman               60     0   4  1  
 2 Andrew Copp              Kevin Hayes              40     0   4  1  

Penalty Kill 4 Players Defense
   Defense                  Defense                  Time % Phy DF OF 
 1 Erik Gudbranson          Ivan Provorov            60     0   5  0  
 2 Roman Josi               Justin Falk              40     0   5  0  

Penalty Kill - 3 Players Forward 
   Forward                                           Time % Phy DF OF 
 1 Marcus Kruger                                     60     0   5  0  
 2 Andrew Copp                                       40     0   5  0  

Penalty Kill - 3 Players Defense
   Defense                  Defense                  Time % Phy DF OF 
 1 Erik Gudbranson          Ivan Provorov            60     0   5  0  
 2 Roman Josi               Justin Falk              40     0   5  0  

4 vs 4 Forward 
   Center                   Wing                     Time % Phy DF OF 
 1 Marcus Kruger            Andre Burakovsky         50     1   1  3  
 2 Andrew Copp              Zach Hyman               50     1   1  3  

4 vs 4 Defense
   Defense                  Defense                  Time % Phy DF OF 
 1 Ivan Provorov            Kevin Shattenkirk        60     1   3  1  
 2 Mark Streit              Roman Josi               40     2   1  2  

Last Minutes Offensive
   Center                   Left Wing                Right Wing               Defense                  Defense                  
   Paul Stastny             Kevin Hayes              Rickard Rakell           Roman Josi               Kevin Shattenkirk        

Last Minutes Defensive
   Center                   Left Wing                Right Wing               Defense                  Defense                  
   Paul Stastny             Marcus Kruger            Paul Byron               Ivan Provorov            Erik Gudbranson          

Goaltenders
Starting : Martin Jones             
Backup : Michael Hutchinson       

Extra Forwards
Normal : Andre Burakovsky, Josh Anderson, David Backes - PP : Andre Burakovsky, Marko Dano - PK : Paul Stastny
Extra Defensemen
Normal : Mark Streit, Kevin Shattenkirk, Ivan Provorov - PP : Ivan Provorov - PK : Kevin Shattenkirk, Mark Streit
Penalty Shots
Paul Byron, Kevin Hayes, Rickard Rakell, Paul Stastny, David Backes
Custom OT Lines Forwards
Paul Stastny, Kevin Hayes, Rickard Rakell, David Backes, Paul Byron, Andre Burakovsky, Josh Anderson, Zach Hyman, Jori Lehtera, Marko Dano
Custom OT Lines Defensemen
Roman Josi, Ivan Provorov, Kevin Shattenkirk, Mark Streit, Erik Gudbranson

Scratches
*salaire sabres* (Suspend), Clayton Stoner (Right Ankle Injury), Matt Carey (Healthy), Ryan Rupert (Healthy), Christian Thomas (Healthy)
Matt Bailey (Healthy), Quentin Shore (Healthy)

Avalanche

5 vs 5 Forward 
   Center                   Left Wing                Right Wing               Time % Phy DF OF 
 1 Adam Henrique            Taylor Hall              Nikita Kucherov          40     0   2  3  
 2 Zack Smith               Johnny Gaudreau          Jakob Silfverberg        30     0   2  3  
 3 Sean Couturier           Marcus Foligno           Mark Stone               20     0   2  3  
 4 Sam Bennett              Pavel Buchnevich         Micheal Ferland          10     0   3  2  

5 vs 5 Defense 
   Defense                  Defense                                           Time % Phy DF OF 
 1 Mark Giordano            Jaccob Slavin                                     40     0   3  2  
 2 Adam Larsson             Mattias Ekholm                                    30     0   3  2  
 3 Mark Stuart              Damon Severson                                    20     0   3  2  
 4 Adam Larsson             Mattias Ekholm                                    10     0   3  2  

PowerPlay Forward 
   Center                   Left Wing                Right Wing               Time % Phy DF OF 
 1 Sean Couturier           Johnny Gaudreau          Nikita Kucherov          60     0   1  4  
 2 Adam Henrique            Taylor Hall              Mark Stone               40     0   1  4  

PowerPlay Defense
   Defense                  Defense                                           Time % Phy DF OF 
 1 Mark Giordano            Damon Severson                                    60     0   3  2  
 2 Jaccob Slavin            Adam Larsson                                      40     0   3  2  

Penalty Kill 4 Players Forward 
   Center                   Wing                     Time % Phy DF OF 
 1 Zack Smith               Jakob Silfverberg        60     0   3  2  
 2 Sean Couturier           Adam Henrique            40     0   3  2  

Penalty Kill 4 Players Defense
   Defense                  Defense                  Time % Phy DF OF 
 1 Mark Stuart              Jaccob Slavin            60     0   4  1  
 2 Mattias Ekholm           Adam Larsson             40     0   4  1  

Penalty Kill - 3 Players Forward 
   Forward                                           Time % Phy DF OF 
 1 Zack Smith                                        60     0   4  1  
 2 Adam Henrique                                     40     0   4  1  

Penalty Kill - 3 Players Defense
   Defense                  Defense                  Time % Phy DF OF 
 1 Mark Stuart              Jaccob Slavin            60     0   4  1  
 2 Mattias Ekholm           Adam Larsson             40     0   4  1  

4 vs 4 Forward 
   Center                   Wing                     Time % Phy DF OF 
 1 Adam Henrique            Jakob Silfverberg        60     0   2  3  
 2 Sean Couturier           Nikita Kucherov          40     0   2  3  

4 vs 4 Defense
   Defense                  Defense                  Time % Phy DF OF 
 1 Mark Stuart              Jaccob Slavin            60     0   3  2  
 2 Mattias Ekholm           Adam Larsson             40     0   3  2  

Last Minutes Offensive
   Center                   Left Wing                Right Wing               Defense                  Defense                  
   Adam Henrique            Taylor Hall              Nikita Kucherov          Mark Giordano            Jaccob Slavin            

Last Minutes Defensive
   Center                   Left Wing                Right Wing               Defense                  Defense                  
   Sean Couturier           Jakob Silfverberg        Zack Smith               Mark Giordano            Jaccob Slavin            

Goaltenders
Starting : Cory Schneider           
Backup : Troy Grosenick           

Extra Forwards
Normal : Johnny Gaudreau, Zack Smith, Sam Bennett - PP : Johnny Gaudreau, Zack Smith - PK : Sam Bennett
Extra Defensemen
Normal : Mark Stuart, Jaccob Slavin, Mattias Ekholm - PP : Mark Stuart - PK : Adam Larsson, Mattias Ekholm
Penalty Shots
Taylor Hall, Nikita Kucherov, Jakob Silfverberg, Mark Stone, Sean Couturier
Custom OT Lines Forwards
Nikita Kucherov, Taylor Hall, Jakob Silfverberg, Mark Stone, Sean Couturier, Adam Henrique, Johnny Gaudreau, Zack Smith, Sam Bennett, Marcus Foligno
Custom OT Lines Defensemen
Mark Giordano, Jaccob Slavin, Mattias Ekholm, Adam Larsson, Mark Stuart

Scratches
Chris Stewart (Healthy), Alex Chiasson (Healthy), Nikita Tryamkin (Healthy)

% Time on Ice - Sabres

Lines # - Real PCT - Wanted PCT - Time Play
Normal Forward
1 - 32% - 32% - 14:37
2 - 26% - 28% - 11:36
3 - 20% - 20% - 9:10
4 - 22% - 20% - 9:47
Normal Defense
1 - 39% - 39% - 17:26
2 - 35% - 34% - 15:37
3 - 27% - 27% - 12:07
4 - 0% - 0% - 0:00
PP Forward
1 - 55% - 55% - 2:41
2 - 45% - 45% - 2:14
PP Defense
1 - 54% - 55% - 2:38
2 - 46% - 45% - 2:17
PK Forward
1 - 75% - 60% - 6:42
2 - 25% - 40% - 2:11
PK Defense
1 - 58% - 60% - 5:08
2 - 42% - 40% - 3:45
PK3 Forward
1 - 0% - 60%
2 - 0% - 40%
PK3 Defense
1 - 0% - 60%
2 - 0% - 40%
44 Forward
1 - 68% - 50% - 0:42
2 - 32% - 50% - 0:20
44 Defense
1 - 66% - 60% - 0:41
2 - 34% - 40% - 0:21
Last Minute Offensive  - 0:00
Last Minute Defensive  - 0:00
Total
Forward - 60:00
Defense - 60:00

% Time on Ice - Avalanche

Lines # - Real PCT - Wanted PCT - Time Play
Normal Forward
1 - 33% - 40% - 14:46
2 - 27% - 30% - 12:18
3 - 25% - 20% - 11:16
4 - 15% - 10% - 6:50
Normal Defense
1 - 42% - 40% - 19:05
2 - 31% - 30% - 13:55
3 - 22% - 20% - 10:05
4 - 5% - 10% - 2:05
PP Forward
1 - 55% - 60% - 4:52
2 - 45% - 40% - 4:01
PP Defense
1 - 66% - 60% - 5:53
2 - 34% - 40% - 3:00
PK Forward
1 - 74% - 60% - 3:38
2 - 26% - 40% - 1:17
PK Defense
1 - 42% - 60% - 2:05
2 - 58% - 40% - 2:50
PK3 Forward
1 - 0% - 60%
2 - 0% - 40%
PK3 Defense
1 - 0% - 60%
2 - 0% - 40%
44 Forward
1 - 71% - 60% - 0:44
2 - 29% - 40% - 0:18
44 Defense
1 - 100% - 60% - 1:02
2 - 0% - 40% - 0:00
Last Minute Offensive  - 0:00
Last Minute Defensive  - 0:00
Total
Forward - 60:00
Defense - 60:00

Play by Play

1st period


0:01 of 1st period - Paul Stastny wins face-off versus Adam Henrique in neutral zone.
0:16 of 1st period - Slapshot by Nikita Kucherov.
0:16 of 1st period - Stopped by Martin Jones without a rebound.
0:17 of 1st period - Kevin Hayes wins face-off versus Zack Smith in Sabres zone.
0:32 of 1st period - Snap shot by Kevin Hayes.
0:32 of 1st period - Stopped by Cory Schneider with a rebound.
0:42 of 1st period - Erik Gudbranson is hit by Marcus Foligno and loses puck.
1:07 of 1st period - Snap shot by Jori Lehtera.
1:07 of 1st period - Shot Misses the Net.
1:09 of 1st period - Wrist shot by Kevin Shattenkirk.
1:09 of 1st period - Stopped by Cory Schneider without a rebound.
1:10 of 1st period - Sam Bennett wins face-off versus Paul Stastny in Avalanche zone.
1:37 of 1st period - Zack Smith is hit by Mark Streit and loses puck.
1:44 of 1st period - Snap shot by Kevin Hayes.
1:44 of 1st period - Deflect By Paul Byron.
1:44 of 1st period - Shot Misses the Net.
1:44 of 1st period - Puck is out of play.
1:45 of 1st period - Adam Henrique wins face-off versus Andrew Copp in Avalanche zone.
1:54 of 1st period - Wrist shot by Taylor Hall.
1:54 of 1st period - Shot Blocked by Marko Dano.
3:18 of 1st period - Jaccob Slavin is hit by Jori Lehtera.
4:05 of 1st period - Snap shot by Jori Lehtera.
4:05 of 1st period - Stopped by Cory Schneider without a rebound.
4:06 of 1st period - Paul Stastny wins face-off versus Adam Henrique in Avalanche zone.
4:56 of 1st period - Adam Larsson is hit by Josh Anderson and loses puck.
5:20 of 1st period - Icing by Sean Couturier.
5:21 of 1st period - Kevin Hayes wins face-off versus Sean Couturier in Avalanche zone.
5:36 of 1st period - Snap shot by Mark Stone.
5:36 of 1st period - Stopped by Martin Jones with a rebound.
6:12 of 1st period - Justin Falk is hit by Jakob Silfverberg and loses puck.
6:19 of 1st period - Snap shot by Jakob Silfverberg.
6:19 of 1st period - Stopped by Martin Jones with a rebound.
6:39 of 1st period - Snap shot by Jori Lehtera.
6:39 of 1st period - Shot Misses the Net.
6:41 of 1st period - Slapshot by Justin Falk.
6:41 of 1st period - Shot Blocked by Sam Bennett.
7:21 of 1st period - Wrist shot by Paul Stastny.
7:21 of 1st period - Stopped by Cory Schneider with a rebound.
7:23 of 1st period - Wrist shot by David Backes.
7:23 of 1st period - Shot Misses the Net.
7:37 of 1st period - Slapshot by Marcus Kruger.
7:37 of 1st period - Stopped by Cory Schneider with a rebound.
7:52 of 1st period - Zack Smith is hit by Zach Hyman and loses puck.
8:17 of 1st period - Wrist shot by Marcus Kruger.
8:17 of 1st period - Stopped by Cory Schneider with a rebound.
8:19 of 1st period - Snap shot by Erik Gudbranson.
8:19 of 1st period - Stopped by Cory Schneider without a rebound.
8:20 of 1st period - Adam Henrique wins face-off versus Paul Stastny in Avalanche zone.
8:29 of 1st period - Slapshot by Nikita Kucherov.
8:29 of 1st period - Shot Misses the Net.
9:15 of 1st period - Wrist shot by Micheal Ferland.
9:15 of 1st period - Shot Blocked by Mark Streit.
9:31 of 1st period - Wrist shot by Rickard Rakell.
9:31 of 1st period - Shot Misses the Net.
9:33 of 1st period - Slapshot by Roman Josi.
9:33 of 1st period - Deflect By Rickard Rakell.
9:33 of 1st period - Stopped by Cory Schneider with a rebound.
9:37 of 1st period - Slapshot by Rickard Rakell.
9:37 of 1st period - Stopped by Cory Schneider with a rebound.
10:07 of 1st period - Snap shot by Mark Stone.
10:07 of 1st period - Shot Blocked by Ivan Provorov.
10:18 of 1st period - Off-side.
10:19 of 1st period - Sam Bennett wins face-off versus Andrew Copp in neutral zone.
10:34 of 1st period - Snap shot by Andrew Copp.
10:34 of 1st period - Shot Misses the Net.
10:37 of 1st period - Icing by Mattias Ekholm.
10:38 of 1st period - Paul Stastny wins face-off versus Sam Bennett in Avalanche zone.
10:39 of 1st period - Snap shot by Rickard Rakell.
10:39 of 1st period - Shot Blocked by Mattias Ekholm.
10:41 of 1st period - Slapshot by Justin Falk.
10:41 of 1st period - Stopped by Cory Schneider without a rebound.
10:42 of 1st period - Nikita Kucherov wins face-off versus Paul Stastny in Avalanche zone.
10:47 of 1st period - Wrist shot by Taylor Hall.
10:47 of 1st period - Shot Blocked by Justin Falk.
10:49 of 1st period - Minor Penalty to Justin Falk for Tripping.
10:50 of 1st period - Sean Couturier wins face-off versus Marcus Kruger in Sabres zone.
11:01 of 1st period - Backhand shot by Nikita Kucherov.
11:01 of 1st period - Shot Blocked by Zach Hyman.
11:03 of 1st period - Slapshot by Nikita Kucherov.
11:03 of 1st period - Shot Misses the Net.
11:05 of 1st period - Backhand shot by Sean Couturier.
11:05 of 1st period - Stopped by Martin Jones with a rebound.
11:07 of 1st period - Wrist shot by Nikita Kucherov.
11:07 of 1st period - Deflect By Johnny Gaudreau.
11:07 of 1st period - Stopped by Martin Jones with a rebound.
11:41 of 1st period - Kevin Hayes is hit by Adam Larsson and loses puck.
12:17 of 1st period - Adam Henrique is hit by Kevin Hayes and loses puck.
12:49 of 1st period - Penalty to Justin Falk is over, Justin Falk is back on ice.
13:12 of 1st period - Snap shot by Pavel Buchnevich.
13:12 of 1st period - Stopped by Martin Jones without a rebound.
13:13 of 1st period - Sam Bennett wins face-off versus Kevin Hayes in Sabres zone.
13:18 of 1st period - Wrist shot by Sam Bennett.
13:18 of 1st period - Shot Misses the Net.
13:20 of 1st period - Snap shot by Adam Larsson.
13:20 of 1st period - Stopped by Martin Jones with a rebound.
13:22 of 1st period - Wrist shot by Sam Bennett.
13:22 of 1st period - Shot Misses the Net.
13:53 of 1st period - Mark Giordano is hit by Jori Lehtera and loses puck.
14:18 of 1st period - Nikita Kucherov is hit by Zach Hyman and loses puck.
14:23 of 1st period - Backhand shot by Zach Hyman.
14:23 of 1st period - Stopped by Cory Schneider with a rebound.
14:25 of 1st period - Slapshot by Justin Falk.
14:25 of 1st period - Stopped by Cory Schneider without a rebound.
14:26 of 1st period - David Backes wins face-off versus Zack Smith in Avalanche zone.
14:33 of 1st period - Justin Falk is hit by Zack Smith and loses puck.
14:52 of 1st period - Paul Stastny is hit by Adam Henrique and loses puck.
15:24 of 1st period - Snap shot by Kevin Hayes.
15:24 of 1st period - Shot Blocked by Mark Stuart.
15:26 of 1st period - Wrist shot by Paul Byron.
15:26 of 1st period - Stopped by Cory Schneider with a rebound.
16:00 of 1st period - Snap shot by Pavel Buchnevich.
16:00 of 1st period - Stopped by Martin Jones with a rebound.
16:02 of 1st period - Snap shot by Mark Giordano.
16:02 of 1st period - Stopped by Martin Jones without a rebound.
16:03 of 1st period - Adam Henrique wins face-off versus Andrew Copp in Sabres zone.
16:10 of 1st period - Snap shot by Nikita Kucherov.
16:10 of 1st period - Stopped by Martin Jones with a rebound.
16:12 of 1st period - Backhand shot by Adam Henrique.
16:12 of 1st period - Stopped by Martin Jones with a rebound.
16:41 of 1st period - Snap shot by Jori Lehtera.
16:41 of 1st period - Shot Misses the Net.
17:38 of 1st period - Icing by Sean Couturier.
17:39 of 1st period - Kevin Hayes wins face-off versus Sean Couturier in Avalanche zone.
17:42 of 1st period - Slapshot by Roman Josi.
17:42 of 1st period - Deflect By Jaccob Slavin.
17:42 of 1st period - Stopped by Cory Schneider with a rebound.
18:04 of 1st period - Jaccob Slavin is hit by Ivan Provorov and loses puck.
18:43 of 1st period - Icing by David Backes.
18:44 of 1st period - Adam Henrique wins face-off versus Paul Stastny in Sabres zone.
18:54 of 1st period - Minor Penalty to David Backes for Roughing.
18:55 of 1st period - Zack Smith wins face-off versus Marcus Kruger in Sabres zone.
18:57 of 1st period - Snap shot by Nikita Kucherov.
18:57 of 1st period - Stopped by Martin Jones without a rebound.
18:58 of 1st period - Marcus Kruger wins face-off versus Zack Smith in Sabres zone.
Goals for this period are 0 for Sabres vs 0 for Avalanche.
Shots for this period are 14 for Sabres vs 12 for Avalanche.

2nd period


0:01 of 2nd period - Zach Hyman wins face-off versus Sean Couturier in neutral zone.
0:08 of 2nd period - Snap shot by Marcus Kruger.
0:08 of 2nd period - Stopped by Cory Schneider without a rebound.
0:09 of 2nd period - Marcus Kruger wins face-off versus Nikita Kucherov in Avalanche zone.
0:42 of 2nd period - Snap shot by Mark Stone.
0:42 of 2nd period - Shot Blocked by Roman Josi.
0:44 of 2nd period - Slapshot by Mark Stone.
0:44 of 2nd period - Shot Misses the Net.
0:46 of 2nd period - Backhand shot by Mark Stone.
0:46 of 2nd period - Stopped by Martin Jones without a rebound.
0:47 of 2nd period - Adam Henrique wins face-off versus Marcus Kruger in Sabres zone.
0:54 of 2nd period - Penalty to David Backes is over, David Backes is back on ice.
1:41 of 2nd period - Off-side.
1:42 of 2nd period - Adam Henrique wins face-off versus Paul Stastny in neutral zone.
2:26 of 2nd period - Jaccob Slavin is hit by Josh Anderson and loses puck.
2:45 of 2nd period - Sean Couturier is hit by Jori Lehtera and loses puck.
3:04 of 2nd period - Snap shot by Nikita Kucherov.
3:04 of 2nd period - Goal by Nikita Kucherov - Sabres : 0 - Avalanche : 1.
3:05 of 2nd period - Kevin Hayes wins face-off versus Adam Henrique in neutral zone.
3:10 of 2nd period - Backhand shot by Andre Burakovsky.
3:10 of 2nd period - Stopped by Cory Schneider without a rebound.
3:11 of 2nd period - Kevin Hayes wins face-off versus Adam Henrique in Avalanche zone.
4:02 of 2nd period - Wrist shot by Sam Bennett.
4:02 of 2nd period - Shot Blocked by Marcus Kruger.
4:06 of 2nd period - Wrist shot by Pavel Buchnevich.
4:06 of 2nd period - Stopped by Martin Jones without a rebound.
4:07 of 2nd period - Sam Bennett wins face-off versus Kevin Hayes in Sabres zone.
4:08 of 2nd period - Snap shot by Pavel Buchnevich.
4:08 of 2nd period - Shot Misses the Net.
5:45 of 2nd period - Slapshot by Roman Josi.
5:45 of 2nd period - Shot Blocked by Jaccob Slavin.
5:47 of 2nd period - Snap shot by Ivan Provorov.
5:47 of 2nd period - Deflect By Johnny Gaudreau.
5:47 of 2nd period - Stopped by Cory Schneider with a rebound.
5:49 of 2nd period - Wrist shot by Marcus Kruger.
5:49 of 2nd period - Deflect By Mark Giordano.
5:49 of 2nd period - Stopped by Cory Schneider without a rebound.
5:50 of 2nd period - Paul Stastny wins face-off versus Zack Smith in Avalanche zone.
5:57 of 2nd period - Snap shot by Paul Stastny.
5:57 of 2nd period - Stopped by Cory Schneider without a rebound.
5:58 of 2nd period - Paul Stastny wins face-off versus Zack Smith in Avalanche zone.
6:56 of 2nd period - Wrist shot by Zach Hyman.
6:56 of 2nd period - Stopped by Cory Schneider without a rebound.
6:57 of 2nd period - Adam Henrique wins face-off versus Paul Stastny in Avalanche zone.
8:09 of 2nd period - Snap shot by Sam Bennett.
8:09 of 2nd period - Stopped by Martin Jones without a rebound.
8:10 of 2nd period - Andrew Copp wins face-off versus Sam Bennett in Sabres zone.
8:25 of 2nd period - Snap shot by Jori Lehtera.
8:25 of 2nd period - Shot Misses the Net.
8:41 of 2nd period - Slapshot by David Backes.
8:41 of 2nd period - Shot Misses the Net.
8:43 of 2nd period - Slapshot by Justin Falk.
8:43 of 2nd period - Stopped by Cory Schneider with a rebound.
8:45 of 2nd period - Wrist shot by Rickard Rakell.
8:45 of 2nd period - Stopped by Cory Schneider without a rebound.
8:46 of 2nd period - Zack Smith wins face-off versus Kevin Hayes in Avalanche zone.
9:15 of 2nd period - Wrist shot by Kevin Hayes.
9:15 of 2nd period - Goal by Kevin Hayes - Sabres : 1 - Avalanche : 1.
9:16 of 2nd period - Paul Stastny wins face-off versus Adam Henrique in neutral zone.
9:43 of 2nd period - Kevin Hayes is hit by Zack Smith and loses puck.
10:28 of 2nd period - Snap shot by Micheal Ferland.
10:28 of 2nd period - Deflect By Pavel Buchnevich.
10:28 of 2nd period - Stopped by Martin Jones with a rebound.
10:30 of 2nd period - Backhand shot by Adam Larsson.
10:30 of 2nd period - Shot Misses the Net.
10:32 of 2nd period - Wrist shot by Mattias Ekholm.
10:32 of 2nd period - Stopped by Martin Jones without a rebound.
10:33 of 2nd period - Paul Stastny wins face-off versus Adam Henrique in Sabres zone.
10:36 of 2nd period - Wrist shot by Nikita Kucherov.
10:36 of 2nd period - Goal by Nikita Kucherov - Sabres : 1 - Avalanche : 2.
10:37 of 2nd period - Paul Stastny wins face-off versus Adam Henrique in neutral zone.
10:39 of 2nd period - Minor Penalty to David Backes for Interference.
10:40 of 2nd period - Marcus Kruger wins face-off versus Sean Couturier in Sabres zone.
12:37 of 2nd period - Erik Gudbranson is hit by Zack Smith and loses puck.
12:39 of 2nd period - Penalty to David Backes is over, David Backes is back on ice.
12:55 of 2nd period - Justin Falk is hit by Mattias Ekholm and loses puck.
13:21 of 2nd period - Mark Stuart is hit by Andre Burakovsky.
13:43 of 2nd period - Snap shot by Rickard Rakell.
13:43 of 2nd period - Stopped by Cory Schneider with a rebound.
13:45 of 2nd period - Slapshot by Kevin Hayes.
13:45 of 2nd period - Shot Blocked by Johnny Gaudreau.
14:12 of 2nd period - Snap shot by Marcus Kruger.
14:12 of 2nd period - Stopped by Cory Schneider with a rebound.
14:36 of 2nd period - Slapshot by Marko Dano.
14:36 of 2nd period - Deflect By Andrew Copp.
14:36 of 2nd period - Stopped by Cory Schneider with a rebound.
14:50 of 2nd period - Wrist shot by Sean Couturier.
14:50 of 2nd period - Shot Misses the Net.
14:52 of 2nd period - Wrist shot by Marcus Foligno.
14:52 of 2nd period - Shot Misses the Net.
14:54 of 2nd period - Slapshot by Sean Couturier.
14:54 of 2nd period - Deflect By Mark Stone.
14:54 of 2nd period - Shot Blocked by Ivan Provorov.
14:54 of 2nd period - Puck is out of play.
14:55 of 2nd period - Paul Stastny wins face-off versus Adam Henrique in Sabres zone.
14:55 of 2nd period - Paul Stastny is hit by Nikita Kucherov.
15:17 of 2nd period - Minor Penalty to Adam Larsson for Holding.
15:18 of 2nd period - Zack Smith wins face-off versus Paul Stastny in Avalanche zone.
15:47 of 2nd period - Roman Josi is hit by Zack Smith and loses puck.
16:43 of 2nd period - Paul Byron is hit by Sam Bennett and loses puck.
16:59 of 2nd period - Roman Josi is hit by Sean Couturier and loses puck.
17:06 of 2nd period - Jaccob Slavin is hit by David Backes.
17:17 of 2nd period - Penalty to Adam Larsson is over, Adam Larsson is back on ice.
17:39 of 2nd period - Mattias Ekholm is hit by Marko Dano and loses puck.
18:21 of 2nd period - Roman Josi is hit by Zack Smith and loses puck.
18:45 of 2nd period - Zach Hyman is hit by Nikita Kucherov and loses puck.
19:50 of 2nd period - Snap shot by Josh Anderson.
19:50 of 2nd period - Stopped by Cory Schneider without a rebound.
19:51 of 2nd period - Zach Hyman wins face-off versus Sean Couturier in Avalanche zone.
Goals for this period are 1 for Sabres vs 2 for Avalanche.
Shots for this period are 13 for Sabres vs 7 for Avalanche.

3rd period


0:01 of 3rd period - Paul Stastny wins face-off versus Adam Henrique in neutral zone.
0:49 of 3rd period - Slapshot by Sean Couturier.
0:49 of 3rd period - Stopped by Martin Jones without a rebound.
0:50 of 3rd period - Paul Stastny wins face-off versus Sean Couturier in Sabres zone.
1:01 of 3rd period - Snap shot by David Backes.
1:01 of 3rd period - Deflect By Paul Stastny.
1:01 of 3rd period - Stopped by Cory Schneider with a rebound.
1:20 of 3rd period - Snap shot by Andre Burakovsky.
1:20 of 3rd period - Goal by Andre Burakovsky - Sabres : 2 - Avalanche : 2.
1:21 of 3rd period - Adam Henrique wins face-off versus Paul Stastny in neutral zone.
1:48 of 3rd period - Ivan Provorov is hit by Jakob Silfverberg and loses puck.
1:57 of 3rd period - Wrist shot by Jakob Silfverberg.
1:57 of 3rd period - Deflect By Johnny Gaudreau.
1:57 of 3rd period - Shot Blocked by Roman Josi.
1:57 of 3rd period - Puck is out of play.
1:58 of 3rd period - Adam Henrique wins face-off versus Marcus Kruger in Sabres zone.
3:38 of 3rd period - Slapshot by Roman Josi.
3:38 of 3rd period - Stopped by Cory Schneider with a rebound.
3:40 of 3rd period - Slapshot by Roman Josi.
3:40 of 3rd period - Deflect By Marcus Kruger.
3:40 of 3rd period - Shot Misses the Net.
3:40 of 3rd period - Puck is out of play.
3:41 of 3rd period - Adam Henrique wins face-off versus Paul Stastny in Avalanche zone.
3:43 of 3rd period - Minor Penalty to Nikita Kucherov for Hooking.
3:44 of 3rd period - Paul Stastny wins face-off versus Zack Smith in Avalanche zone.
3:48 of 3rd period - Wrist shot by Rickard Rakell.
3:48 of 3rd period - Shot Misses the Net.
5:22 of 3rd period - Pavel Buchnevich is hit by Kevin Shattenkirk and loses puck.
5:43 of 3rd period - Penalty to Nikita Kucherov is over, Nikita Kucherov is back on ice.
5:47 of 3rd period - Adam Larsson is hit by Mark Streit and loses puck.
6:00 of 3rd period - Adam Larsson is hit by Jori Lehtera and loses puck.
6:16 of 3rd period - Off-side.
6:17 of 3rd period - Marcus Kruger wins face-off versus Sean Couturier in neutral zone.
6:44 of 3rd period - Wrist shot by Jori Lehtera.
6:44 of 3rd period - Shot Misses the Net.
7:04 of 3rd period - Wrist shot by Nikita Kucherov.
7:04 of 3rd period - Stopped by Martin Jones with a rebound.
7:06 of 3rd period - Backhand shot by Nikita Kucherov.
7:06 of 3rd period - Shot Blocked by Kevin Shattenkirk.
7:08 of 3rd period - Backhand shot by Adam Henrique.
7:08 of 3rd period - Stopped by Martin Jones without a rebound.
7:09 of 3rd period - Zack Smith wins face-off versus Paul Stastny in Sabres zone.
7:39 of 3rd period - Slapshot by Mark Giordano.
7:39 of 3rd period - Shot Blocked by Ivan Provorov.
8:00 of 3rd period - Minor Penalty to Justin Falk for Goalie Interference.
8:01 of 3rd period - Marcus Kruger wins face-off versus Sean Couturier in Sabres zone.
8:44 of 3rd period - Slapshot by Roman Josi.
8:44 of 3rd period - Shot Misses the Net.
8:57 of 3rd period - Minor Penalty to Adam Larsson for Hooking.
8:58 of 3rd period - Adam Henrique wins face-off versus Marcus Kruger in Avalanche zone.
9:24 of 3rd period - Mark Stuart is hit by Ivan Provorov and loses puck.
9:35 of 3rd period - Wrist shot by Andrew Copp.
9:35 of 3rd period - Shot Misses the Net.
10:00 of 3rd period - Penalty to Justin Falk is over, Justin Falk is back on ice.
10:41 of 3rd period - Jakob Silfverberg is hit by Josh Anderson and loses puck.
10:54 of 3rd period - Paul Stastny is hit by Sean Couturier and loses puck.
10:57 of 3rd period - Penalty to Adam Larsson is over, Adam Larsson is back on ice.
11:01 of 3rd period - Wrist shot by Adam Henrique.
11:01 of 3rd period - Goal by Adam Henrique - Sabres : 2 - Avalanche : 3.
11:02 of 3rd period - Paul Stastny wins face-off versus Nikita Kucherov in neutral zone.
11:27 of 3rd period - Zack Smith is hit by Andre Burakovsky and loses puck.
11:34 of 3rd period - Slapshot by Kevin Hayes.
11:34 of 3rd period - Stopped by Cory Schneider with a rebound.
12:09 of 3rd period - Slapshot by Roman Josi.
12:09 of 3rd period - Shot Misses the Net.
12:11 of 3rd period - Snap shot by Roman Josi.
12:11 of 3rd period - Deflect By Marko Dano.
12:11 of 3rd period - Stopped by Cory Schneider without a rebound.
12:12 of 3rd period - Marko Dano wins face-off versus Adam Henrique in Avalanche zone.
12:58 of 3rd period - Wrist shot by Mark Stone.
12:58 of 3rd period - Stopped by Martin Jones without a rebound.
12:59 of 3rd period - Sean Couturier wins face-off versus Kevin Hayes in Sabres zone.
13:02 of 3rd period - Snap shot by Sean Couturier.
13:02 of 3rd period - Shot Blocked by Kevin Hayes.
13:04 of 3rd period - Snap shot by Sean Couturier.
13:04 of 3rd period - Shot Misses the Net.
13:06 of 3rd period - Slapshot by Jaccob Slavin.
13:06 of 3rd period - Goal by Jaccob Slavin - Sabres : 2 - Avalanche : 4.
13:07 of 3rd period - Adam Henrique wins face-off versus Paul Stastny in neutral zone.
13:10 of 3rd period - Snap shot by Taylor Hall.
13:10 of 3rd period - Stopped by Martin Jones with a rebound.
13:12 of 3rd period - Snap shot by Adam Henrique.
13:12 of 3rd period - Stopped by Martin Jones with a rebound.
13:14 of 3rd period - Slapshot by Adam Larsson.
13:14 of 3rd period - Shot Blocked by Ivan Provorov.
13:16 of 3rd period - Snap shot by Adam Henrique.
13:16 of 3rd period - Shot Misses the Net.
13:24 of 3rd period - Wrist shot by Nikita Kucherov.
13:24 of 3rd period - Shot Misses the Net.
13:43 of 3rd period - Snap shot by Jaccob Slavin.
13:43 of 3rd period - Shot Misses the Net.
13:55 of 3rd period - Snap shot by Marcus Kruger.
13:55 of 3rd period - Stopped by Cory Schneider without a rebound.
13:56 of 3rd period - Sean Couturier wins face-off versus Marcus Kruger in Avalanche zone.
14:01 of 3rd period - Kevin Shattenkirk is hit by Mattias Ekholm and loses puck.
14:13 of 3rd period - Minor Penalty to Zach Hyman for Tripping.
14:14 of 3rd period - Marcus Kruger wins face-off versus Sean Couturier in Sabres zone.
14:57 of 3rd period - Wrist shot by Mark Stone.
14:57 of 3rd period - Stopped by Martin Jones with a rebound.
16:13 of 3rd period - Penalty to Zach Hyman is over, Zach Hyman is back on ice.
16:13 of 3rd period - Mark Giordano is hit by Paul Stastny and loses puck.
16:41 of 3rd period - Adam Larsson is hit by Ivan Provorov.
16:58 of 3rd period - Adam Larsson is hit by Paul Byron and loses puck.
18:37 of 3rd period - Zack Smith is hit by Andrew Copp and loses puck.
18:57 of 3rd period - Mattias Ekholm is hit by David Backes and loses puck.
Goals for this period are 1 for Sabres vs 2 for Avalanche.
Shots for this period are 6 for Sabres vs 9 for Avalanche.